 Dungeon Crawl Stone Soup version 0.31.0-11-ge490571c62 (webtiles) character file.

Game seed: 8889572573514700518

1669 Skitler the Chopper (level 9, -1/73 HPs)
             Began as a Gnoll Cinder Acolyte on Jan 28, 2024.
             Was an Initiate of Gozag.
             Slain by a fire elemental (4 damage)
             ... created by the fiery vengeance of Ignis
             ... on level 6 of the Dungeon.
             The game lasted 00:16:19 (6195 turns).

Skitler the Chopper (Gnoll Cinder Acolyte)          Turns: 6195, Time: 00:16:20

Health: -1/73      AC: 13    Str: 14    XL:     9   Next: 1%
Magic:  16/16      EV:  7    Int: 19    God:    Gozag
Gold:   167        SH:  0    Dex:  8    Spells: 17/17 levels left

rFire   . . .        D - +8 whip of the Moon {flame, Will++ Str-4}
rCold   . . .        (no shield)
rNeg    . . .        C - +0 chain mail
rPois   .            t - +0 helmet
rElec   .            A - +1 cloak
rCorr   .            x - +0 pair of gloves
SInv    .            (no boots)
Will    ++...        H - amulet of magic regeneration Stlth
                     p - +6 ring of intelligence
HPRegen 0.32/turn    (no ring)
MPRegen 0.55/turn

%: no passive effects
@: fire susceptible
A: fangs 1, strong nose, distributed training
a: Renounce Religion, Potion Petition, Call Merchant, Bribe Branch


You were on level 6 of the Dungeon.
You worshipped Gozag.
Gozag was aware of your devotion.
You visited 2 branches of the dungeon, and saw 7 of its levels.

You collected 272 gold pieces.
You paid 105 gold pieces to Gozag.

Inventory:

Hand Weapons
 a - a -1 hand axe of flaming
 l - a +0 sling
 s - a +4 heavy mace
 B - a +0 hammer
 D - the +8 whip of the Moon (weapon) {flame, Will++ Str-4}
   (You found it on level 5 of the Dungeon)

   Str-4:     It affects your strength (-4).
   Will++:    It greatly increases your willpower.
Missiles
 m - 63 stones (quivered)
 v - 2 javelins
Armour
 b - a +0 robe
 f - a +0 leather armour
 t - a +0 helmet (worn)
 x - a +0 pair of gloves (worn)
 A - a +1 cloak (worn)
 C - a +0 chain mail (worn)
Jewellery
 p - a +6 ring of intelligence (left hand)
 H - an amulet of magic regeneration (around neck)
Wands
 y - a wand of polymorph (9)
Scrolls
 c - 3 scrolls of vulnerability {unknown}
 d - 2 scrolls of brand weapon {unknown}
 e - 10 scrolls of identify {unknown}
 g - 2 scrolls of fear {unknown}
 j - 2 scrolls of teleportation {unknown}
 k - 5 scrolls of revelation {unknown}
 n - a scroll of silence {unknown}
 o - a scroll of poison {unknown}
 r - 2 scrolls of enchant weapon {unknown}
 E - a scroll of amnesia {unknown}
Potions
 i - a potion of cancellation {unknown}
 q - a potion of heal wounds {unknown}
 u - a potion of enlightenment {unknown}
 w - a potion of attraction {unknown}
 z - a potion of brilliance {unknown}
 F - 2 potions of invisibility {unknown}
 G - a potion of lignification {unknown}


   Skills:
 + Level 7.7 Fighting
 + Level 3.9 Short Blades
 + Level 3.9 Long Blades
 + Level 7.7 Axes
 + Level 3.9 Maces & Flails
 + Level 3.9 Polearms
 + Level 3.9 Staves
 + Level 3.9 Ranged Weapons
 + Level 3.9 Throwing
 + Level 3.9 Armour
 + Level 3.9 Dodging
 + Level 3.9 Stealth
 + Level 3.9 Shields
 + Level 3.9 Unarmed Combat
 + Level 4.9 Spellcasting
 + Level 3.2 Conjurations
 + Level 3.2 Hexes
 + Level 3.2 Summonings
 + Level 3.2 Necromancy
 + Level 3.2 Translocations
 + Level 6.4 Fire Magic
 + Level 3.2 Ice Magic
 + Level 3.2 Air Magic
 + Level 3.2 Earth Magic
 + Level 3.2 Alchemy
 + Level 4.3 Invocations
 + Level 3.9 Evocations
 + Level 3.5 Shapeshifting


You had 17 spell levels left.
You didn't know any spells.
Your spell library contained the following spells:

 Spells                   Type           Power      Damage    Failure   Level
 Scorch                   Fire           58%        2d7       21%         2
 Tukima's Dance           Hex            16%        N/A       83%         3
 Dimensional Bullseye     Hex/Tloc       8%         N/A       99%         4
 Iskenderun's Mystic Bla  Conj/Tloc      16%        2d5       99%         4


Dungeon Overview and Level Annotations

Branches:
Dungeon (6/15)             Temple (1/1) D:6

Altars:
Ashenzari
Cheibriados
Dithmenos
Elyvilon
Fedhas
Gozag
Hepliaklqana
Kikubaaqudgha
Makhleb
Nemelex Xobeh
Okawaru
Sif Muna
Trog
Uskayaw
Vehumet
Wu Jian
Xom
Yredelemnul
Zin
The Shining One

Annotations:
D:5 2 transporters, Bobbunny's ghost, novice FoEn


Innate Abilities, Weirdness & Mutations

You have very sharp teeth.
Your uncanny sense of smell can sniff out nearby items.
Your experience applies equally to all skills.


Message History

The fire elemental is moderately damaged.
You whack the fire elemental!
The fire elemental is heavily damaged.
The fire elemental hits you. The fire elemental burns you!
You closely miss the fire elemental.
The fire elemental is heavily damaged.
The fire elemental hits you. The fire elemental burns you!
You closely miss the fire elemental. Your bite misses the fire elemental.
The fire elemental is heavily damaged.
The fire elemental hits you. The fire elemental burns you!
You completely miss the fire elemental.
The fire elemental is heavily damaged.
The fire elemental hits you. The fire elemental burns you!
You barely miss the fire elemental.
The fire elemental is heavily damaged.
The fire elemental barely misses you.
You hit the fire elemental.
The fire elemental is heavily damaged.
The fire elemental hits you. The fire elemental burns you!
The fire elemental hits you. The fire elemental burns you!
* * * LOW HITPOINT WARNING * * *
You closely miss the fire elemental. Your bite misses the fire elemental.
The fire elemental is heavily damaged.
The fire elemental hits you. The fire elemental burns you!
* * * LOW HITPOINT WARNING * * *
You feel better. The fire elemental hits you. The fire elemental burns you!
* * * LOW HITPOINT WARNING * * *
You feel better. The fire elemental hits you. The fire elemental burns you!
* * * LOW HITPOINT WARNING * * *
The fire elemental hits you.
* * * LOW HITPOINT WARNING * * *
The fire elemental burns you!
* * * LOW HITPOINT WARNING * * *
Throw: 63 stones
Press: ? - help, Q - select action, (/) - cycle Shift-Dir - straight line, f - fire elemental
Aim: a fire elemental (heavily damaged, durably summoned, 47% to hit)
Okay, then.
The fire elemental hits you. The fire elemental burns you!
You die...
Your body crumbles into a pile of gold.

###### #....# #....# #....###
∆ #......# #....#.#
########.#...#
############@EE°......###
......$......######.###
......$$...### #.# ##
............# #.# ####.
$)....../...# #.# ###)...
....$.......#######.###.....#
..$.....!...............#####
.............######....##
.....................### ###


You could see 2 fire elementals.

Vanquished Creatures
  Sigmund (D:3)
  A steam dragon (D:6)
  A black bear (D:5)
  An orc warrior (D:3)
  An ice beast (D:5)
  2 ogres (D:5)
  A centaur (D:6)
  A phantom (D:5)
  A bullfrog (D:6)
  A scorpion (D:5)
  2 bombardier beetles (D:5)
  5 hounds
  An orc priest (D:3)
  Crazy Yiuf (D:4)
  A jelly (D:6)
  A sleepcap (D:4)
  2 iguanas
  An orc wizard (D:3)
  Robin (D:2)
  4 gnolls
  5 adders
  A shadow imp (D:5)
  A white imp (D:6)
  4 ufetubi
  2 dart slugs
  3 ribbon worms
  6 orcs
  2 endoplasms
  3 giant cockroaches
  12 goblins
  13 hobgoblins
  4 jackals
  11 kobolds
  4 quokkas
  10 ball pythons
  8 bats
  6 frilled lizards
  9 rats
134 creatures vanquished.

Vanquished Creatures (others)
  13 foxfires (Temple)
13 creatures vanquished.

Grand Total: 147 creatures vanquished

Notes
Turn   | Place    | Note
-------+----------+-------------------------------------------
     0 | D:1      | Skitler the Gnoll Cinder Acolyte began the quest for the
                  | Orb.
     0 | D:1      | Reached XP level 1. HP: 23/23 MP: 4/4
   150 | D:1      | Reached XP level 2. HP: 29/29 MP: 5/5
   604 | D:1      | Reached XP level 3. HP: 35/35 MP: 7/7
  1033 | D:2      | Reached skill level 1 in Invocations
  1111 | D:2      | Reached skill level 1 in Short Blades
  1111 | D:2      | Reached skill level 1 in Long Blades
  1111 | D:2      | Reached skill level 1 in Maces & Flails
  1111 | D:2      | Reached skill level 1 in Polearms
  1111 | D:2      | Reached skill level 1 in Staves
  1111 | D:2      | Reached skill level 1 in Ranged Weapons
  1111 | D:2      | Reached skill level 1 in Throwing
  1111 | D:2      | Reached skill level 1 in Armour
  1111 | D:2      | Reached skill level 1 in Dodging
  1111 | D:2      | Reached skill level 1 in Stealth
  1111 | D:2      | Reached skill level 1 in Shields
  1111 | D:2      | Reached skill level 1 in Unarmed Combat
  1111 | D:2      | Reached skill level 1 in Evocations
  1213 | D:2      | Found a faded altar of an unknown god.
  1403 | D:2      | Reached skill level 1 in Shapeshifting
  1403 | D:2      | Reached XP level 4. HP: 26/41 MP: 8/8
  1766 | D:2      | Noticed Robin
  1784 | D:2      | Killed Robin
  1785 | D:2      | Reached skill level 1 in Conjurations
  1785 | D:2      | Reached skill level 1 in Hexes
  1785 | D:2      | Reached skill level 1 in Summonings
  1785 | D:2      | Reached skill level 1 in Necromancy
  1785 | D:2      | Reached skill level 1 in Translocations
  1785 | D:2      | Reached skill level 1 in Ice Magic
  1785 | D:2      | Reached skill level 1 in Air Magic
  1785 | D:2      | Reached skill level 1 in Earth Magic
  1785 | D:2      | Reached skill level 1 in Alchemy
  2448 | D:3      | Reached XP level 5. HP: 46/47 MP: 9/9
  2724 | D:3      | Noticed Sigmund
  2870 | D:4      | Noticed an orc warrior
  2962 | D:3      | Killed an orc warrior
  2963 | D:3      | Reached XP level 6. HP: 17/53 MP: 9/11
  3201 | D:4      | Found a hide-covered altar of Uskayaw.
  3277 | D:4      | Found a runed translucent door.
  3278 | D:4      | Noticed Crazy Yiuf
  3291 | D:4      | Killed Crazy Yiuf
  3730 | D:5      | Entered Level 5 of the Dungeon
  4158 | D:3      | Killed Sigmund
  4159 | D:3      | Reached XP level 7. HP: 60/60 MP: 12/12
  4268 | D:5      | Found a transporter.
  4268 | D:5      | Found a transporter.
  4317 | D:5      | Noticed Bobbunny's ghost (novice FoEn)
  4435 | D:5      | Reached XP level 8. HP: 67/67 MP: 14/14
  5025 | D:5      | Identified the +8 whip of the Moon {flame, Will++ Str-4}
  5162 | D:5      | Noticed a hornet
  5754 | D:6      | Found a blossoming altar of Fedhas.
  5772 | D:6      | Found a staircase to the Ecumenical Temple.
  5849 | Temple   | Entered the Ecumenical Temple
  5872 | Temple   | Fell from the grace of Ignis
  5873 | Temple   | Became a worshipper of Gozag Ym Sagoz the Greedy
  6050 | D:6      | Reached XP level 9. HP: 14/73 MP: 16/16
  6194 | D:6      | HP: 3/73 [fire elemental[the fiery vengeance of Ignis]
                  | (11)]
  6195 | D:6      | Slain by a fire elemental

Illustrated notes

Levels and vault maps discovered:
D:1:      dpeg_arrival_pond, layout_basic, minmay_tripent
D:2:      layout_loops_corners, hellmonk_ecumenical_altar_heavens_door,
          minmay_close_crescents, uniq_robin
D:3:      layout_rooms, chequers_serial_rivers_room_b, uniq_sigmund
D:4:      layout_rooms, nicolae_uskayaw_murder_on_the_dancefloor,
          uniq_crazy_yiuf_cottage
D:5:      layout_gridville, gammafunk_ghost_hive, minmay_curled_crystal,
          kennysheep_generic_room_6
D:6:      layout_rooms, mainiacjoe_overflow_catwalk,
          minmay_temple_entry_butterflies
Temple:   nicolae_temple_no_exploring_needed

Skill      XL: |  1  2  3  4  5  6  7  8 |
---------------+-------------------------+-----
Invocations    | 1 2 3 4 |  4.3
Short Blades   | 1 2 3 |  3.9
Long Blades    | 1 2 3 |  3.9
Maces & Flails | 1 2 3 |  3.9
Polearms       | 1 2 3 |  3.9
Staves         | 1 2 3 |  3.9
Ranged Weapons | 1 2 3 |  3.9
Throwing       | 1 2 3 |  3.9
Armour         | 1 2 3 |  3.9
Dodging        | 1 2 3 |  3.9
Stealth        | 1 2 3 |  3.9
Shields        | 1 2 3 |  3.9
Unarmed Combat | 1 2 3 |  3.9
Evocations     | 1 2 3 |  3.9
Shapeshifting  | 1 2 3 |  3.5
Spellcasting   | 3 4 |  4.9
Conjurations   | 1 2 3 |  3.2
Hexes          | 1 2 3 |  3.2
Summonings     | 1 2 3 |  3.2
Necromancy     | 1 2 3 |  3.2
Translocations | 1 2 3 |  3.2
Ice Magic      | 1 2 3 |  3.2
Air Magic      | 1 2 3 |  3.2
Earth Magic    | 1 2 3 |  3.2
Alchemy        | 1 2 3 |  3.2
Fighting       | 7 |  7.7
Axes           | 7 |  7.7
Fire Magic     | 6 |  6.4

Action                     |  1- 3 |  4- 6 |  7- 9 || total
---------------------------+-------+-------+-------++-------
  Melee: Hand axe          |   120 |   195 |       ||   315
         Bite              |     8 |    15 |     8 ||    31
         Mace              |       |    22 |    53 ||    75
         Whip              |       |       |    71 ||    71
         Punch             |       |       |     3 ||     3
   Fire: Sling             |       |    15 |     3 ||    18
  Throw: Stone             |       |    13 |       ||    13
         Javelin           |       |     4 |       ||     4
 Invoke: Fiery Armour      |       |     1 |    12 ||    13
         Foxfire Swarm     |       |       |     1 ||     1
         Renounce Religion |       |       |     1 ||     1
    Use: Potion            |       |     1 |     2 ||     3
   Stab: Sleeping          |       |     1 |       ||     1
 Armour: Leather armour    |    71 |   135 |       ||   206
         Robe              |     2 |       |       ||     2
         Chain mail        |       |    21 |   223 ||   244
         Skin              |       |     8 |       ||     8
  Dodge: Dodged            |    64 |   140 |    72 ||   276
